 Dungeon Crawl Stone Soup version 0.32-a0-975-g85d4e5bfdb (webtiles) character file.

Game seed: 5353272994884982286

4775 Anon1729 the Cleaver (level 10, -5/80 HPs)
             Began as a Coglin Chaos Knight on Apr 18, 2024.
             Was a Plaything of Xom.
             Slain by a centaur warrior (6 damage)
             ... on level 8 of the Dungeon.
             The game lasted 00:16:32 (10026 turns).

Anon1729 the Cleaver (Coglin Chaos Knight)         Turns: 10026, Time: 00:16:33

Health: -5/80      AC: 10    Str: 16    XL:     10   Next: 47%
Magic:  3/3        EV: 13    Int: 12    God:    Xom [..*...]
Gold:   259        SH:  0    Dex: 14    Spells: 9/9 levels left

rFire   . . .        a - +0 hand axe (chaos) {Ming}
rCold   . . .        p - +0 short sword (antimagic) {Yuxuan}
rNeg    . . .        A - +3 leather armour {rPois}
rPois   +            m - +1 hat
rElec   .            (no cloak)
rCorr   .            i - +0 pair of gloves
SInv    .            k - +0 pair of boots {Fly}
Will    .....        (amulet unavailable)
Stlth   ++           (ring unavailable)
HPRegen 0.33/turn    (ring unavailable)
MPRegen 0.08/turn    (no gizmo)

%: no passive effects
@: flying, revved
A: off-hand wielding, slow wielding, warmup strikes, no jewellery, mutation
resistance 1
a: Invent Gizmo, Renounce Religion


You were on level 8 of the Dungeon.
You worshipped Xom.
You were a toy of Xom.
You visited 1 branch of the dungeon, and saw 8 of its levels.

You collected 434 gold pieces.
You spent 175 gold pieces at shops.

Inventory:

Hand Weapons
 a - a +0 hand axe of chaos (weapon) {Ming}
 d - a +0 dagger {Jakob}
 p - a +0 antimagic short sword (offhand) {Yuxuan}
 w - the +6 sling "Nyomapim" {freeze, rF+ Will+}
   (You bought it in a shop on level 5 of the Dungeon)

   rF+:       It protects you from fire.
   Will+:     It increases your willpower.
Missiles
 f - 61 stones (quivered)
 z - a throwing net
 C - a curare-tipped dart
Armour
 b - a +2 leather armour
 i - a +0 pair of gloves (worn)
 j - a +0 chain mail
 k - a +0 pair of boots of flying (worn)
 m - a +1 hat (worn)
 A - a +3 leather armour of poison resistance (worn)
Wands
 h - a wand of flame (3)
Scrolls
 c - a scroll of enchant weapon {unknown}
 e - a scroll of enchant armour
 q - a scroll of torment
 s - a scroll of revelation {unknown}
 v - 2 scrolls of vulnerability {unknown}
 x - a scroll of amnesia
 y - a scroll of fog {unknown}
 B - a scroll of fear {unknown}
Potions
 g - a potion of magic {unknown}
 l - a potion of mutation
 o - a potion of ambrosia {unknown}
 r - 2 potions of enlightenment
 u - a potion of heal wounds {unknown}
 D - a potion of lignification {unknown}
 E - a potion of attraction {unknown}


   Skills:
 + Level 8.1 Fighting
 + Level 8.1 Axes
 + Level 7.0 Armour
 + Level 6.8 Dodging
 + Level 2.0 Stealth


You had 9 spell levels left.
You didn't know any spells.
Your spell library contained the following spells:

 Spells                   Type           Power      Damage    Failure   Level
 Apportation              Tloc           0%         N/A       36%         1
 Jinxbite                 Hex            0%         N/A       52%         2
 Frozen Ramparts          Ice            0%         1d1       75%         3
 Hailstorm                Conj/Ice       0%         3d5       75%         3
 Ozocubu's Armour         Ice            0%         N/A       75%         3
 Summon Ice Beast         Ice/Summ       0%         N/A       75%         3
 Olgreb's Toxic Radiance  Alch           0%         N/A       98%         4
 Alistair's Intoxication  Alch           0%         N/A       100%        5
 Metabolic Englaciation   Hex/Ice        0%         N/A       100%        5
 Permafrost Eruption      Ice/Erth       0%         2x4d1     100%        6
 Sculpt Simulacrum        Ice/Alch       0%         N/A       100%        6
 Ozocubu's Refrigeration  Ice            0%         4d7       100%        7
 Discord                  Hex            0%         N/A       100%        8


Dungeon Overview and Level Annotations

Branches:
Dungeon (8/15)             Temple (0/1) D:7
   Lair: D:8-11

Altars:
Ashenzari
Dithmenos
Gozag
Makhleb
Ru
Vehumet
The Shining One
Beogh

Shops:
D:5 (

Annotations:
D:5 3 runed translucent doors, DEFE's ghost, novice CoFi
D:6 Blork the orc
D:8 Prince Ribbit


Innate Abilities, Weirdness & Mutations

You can wield a second weapon in your off-hand.
It takes a long time for you to wield or remove held weapons.
Your first few attacks do less damage.
You cannot equip rings or amulets.
You are somewhat resistant to further mutation.


Message History

It was a potion of mutation.
You feel extremely strange.
Your body's shape seems more normal.
Your skin no longer functions as natural camouflage.
You no longer become unable to drink potions after taking damage.
You feel genetically stable. The centaur warrior hits you!
* * * LOW HITPOINT WARNING * * *
The centaur warrior kicks you but does no damage.
The centaur warrior barely misses you.
The centaur warrior kicks you but does no damage.
Okay, then.
Throw: 61 stones
Press: ? - help, Q - select action, (/) - cycle Shift-Dir - straight line, f - centaur warrior
Aim: a centaur warrior (moderately wounded, fast, covered in acid, 68% to hit)
Okay, then.
Throw: 3 throwing nets
Press: ? - help, Shift-Dir - straight line, f - centaur warrior
Aim: a centaur warrior (moderately wounded, fast, covered in acid, 68% to hit)
You throw a throwing net.
The throwing net barely misses the centaur warrior.
The centaur warrior misses you. The centaur warrior barely misses you.
The centaur warrior hits you but does no damage.
The centaur warrior kicks you.
* * * LOW HITPOINT WARNING * * *
Throw: 61 stones
Press: ? - help, Q - select action, (/) - cycle Shift-Dir - straight line, f/p - centaur warrior
Aim: a centaur warrior (moderately wounded, fast, covered in acid, 68% to hit)
Okay, then.
Throw: 2 throwing nets
Press: ? - help, Shift-Dir - straight line, f/p - centaur warrior
Aim: a centaur warrior (moderately wounded, fast, covered in acid, 68% to hit)
You throw a throwing net.
The throwing net barely misses the centaur warrior.
The centaur warrior barely misses you. The centaur warrior closely misses you.
The centaur warrior hits you!
* * * LOW HITPOINT WARNING * * *
The centaur warrior kicks you but does no damage.
The centaur warrior hits you.
You die...
Xom guffaws!

...c*#..#..# * , ,
,, ⌠.. ..##..#
*###.* ..# ,......#
,, ... * * ##'# *
..# , ##...## #..#
##.....## .^.
##.......## ##.##
#........†####...##
'....(...)'c@.....#
#.........####...##
#.......## ##.##
##.....## .#
##...## .# ##'# .#
#. .. #. ## #


You could see a centaur warrior (fast, corroded).

Vanquished Creatures
  A manticore (D:8)
  A cyclops (D:8)
  Grinder (D:6)
  A wraith (D:8)
  A fire bat (D:8)
  A vampire mosquito (D:8)
  Menkaure (D:5)
  3 steam dragons
  3 black bears
  3 ice beasts
  A sky beast (D:8)
  An ogre (D:5)
  A centaur (D:6)
  2 lemures (D:5)
  2 kobold brigands
  2 bullfrogs
  A gnoll sergeant (D:7)
  3 wights (D:8)
  A howler monkey (D:7)
  4 electric eels (D:6)
  A crimson imp (D:8)
  2 bombardier beetles (D:6)
  A quasit (D:6)
  3 hounds
  2 jellies (D:6)
  2 gnoll boudas
  3 orc priests (D:4)
  4 orc wizards
  An iguana (D:6)
  Natasha (thrice) (D:2)
  7 gnolls
  11 adders
  7 shadow imps (D:5)
  7 white imps
  2 ufetubi (D:5)
  A dart slug (D:1)
  3 ribbon worms
  13 orcs
  8 endoplasms
  3 giant cockroaches
  5 goblins
  6 hobgoblins
  19 kobolds
  2 quokkas
  5 ball pythons
  4 bats
  2 frilled lizards
  3 rats
164 creatures vanquished.

Vanquished Creatures (collateral kills)
  Pikel (D:4)
  Eustachio (D:6)
  A lemure (D:5)
3 creatures vanquished.

Vanquished Creatures (others)
  A lemure (D:5)
1 creature vanquished.

Grand Total: 168 creatures vanquished

Notes
Turn   | Place    | Note
-------+----------+-------------------------------------------
     0 | D:1      | Anon1729 the Coglin Chaos Knight began the quest for the
                  | Orb.
     0 | D:1      | Reached XP level 1. HP: 18/18 MP: 1/1
    45 | D:1      | Reached skill level 1 in Dodging
   116 | D:1      | XOM: divination: detect creatures
   128 | D:1      | Reached XP level 2. HP: 24/24 MP: 2/2
   160 | D:1      | Found a faded altar of an unknown god.
   586 | D:1      | Reached XP level 3. HP: 23/29 MP: 3/3
   719 | D:1      | XOM: silly message
  1151 | D:2      | Noticed Natasha
  1159 | D:2      | Killed Natasha
  1160 | D:2      | Reached XP level 4. HP: 29/36 MP: 4/4
  1208 | D:2      | Noticed Natasha
  1216 | D:2      | Killed Natasha
  1469 | D:2      | Noticed Natasha
  1480 | D:2      | Killed Natasha
  1481 | D:2      | Reached XP level 5. HP: 32/42 MP: 5/5
  2232 | D:4      | Reached XP level 6. HP: 7/48 MP: 2/6
  2412 | D:4      | XOM: divination: detect creatures
  2848 | D:4      | Noticed a black bear
  2854 | D:4      | XOM: scenery: summon butterflies
  2858 | D:4      | Killed a black bear
  2859 | D:4      | Reached XP level 7. HP: 48/55 MP: 2/7
  3015 | D:5      | Entered Level 5 of the Dungeon
  3112 | D:5      | Noticed Pikel
  3121 | D:5      | XOM: confuse monster(s)
  3216 | D:5      | XOM: polymorph quasit -> shadow imp
  3246 | D:5      | Noticed Menkaure
  3254 | D:5      | Killed Menkaure
  3255 | D:5      | Reached skill level 5 in Fighting
  3461 | D:5      | Found Cuacapti's Antique Weapon Shoppe.
  3464 | D:5      | Bought a polished sling for 175 gold pieces
  3464 | D:5      | Identified the +6 sling "Nyomapim" {freeze, rF+ Will+} (You
                  | bought it in a shop on level 5 of the Dungeon)
  3592 | D:5      | Noticed a steam dragon
  3669 | D:5      | XOM: 1-stop teleportation journey
  3684 | D:5      | XOM: enchant monster (good)
  3689 | D:5      | XOM: divination: detect creatures
  3695 | D:5      | XOM: enchant monster (good)
  3843 | D:4      | XOM: divination: magic mapping
  4216 | D:1      | XOM: god gift: scroll labelled TOZEOW QI OROXAN {god gift}
  4360 | D:4      | XOM: enchant monster (bad)
  4365 | D:4      | Reached skill level 5 in Axes
  4408 | D:4      | XOM: cast spell 'Summon Hydra'
  4409 | D:4      | Killed Pikel
  4410 | D:4      | Reached XP level 8. HP: 26/64 MP: 2/8
  4571 | D:4      | XOM: silly message
  4770 | D:5      | Found a runed translucent gate.
  4770 | D:5      | Identified the +3 whip of Wounding {protect, rPois Int+6}
  4770 | D:5      | Noticed DEFE's ghost (novice CoFi)
  4771 | D:5      | Found a runed translucent gate.
  4772 | D:5      | Found a runed translucent gate.
  4803 | D:5      | XOM: silly message
  5042 | D:5      | Reached skill level 5 in Armour
  5244 | D:5      | XOM: cloud trail
  5278 | D:5      | XOM: god gift: 19 gold pieces
  5315 | D:5      | XOM: noise
  5370 | D:5      | Found a roughly hewn altar of Beogh.
  5463 | D:6      | XOM: enchant monster (bad)
  5470 | D:6      | XOM: polymorph white imp -> quasit
  5531 | D:6      | XOM: summons 5 hostile demons
  5730 | D:6      | XOM: polymorph electric eel -> bombardier beetle
  5740 | D:6      | Reached skill level 5 in Dodging
  5740 | D:6      | Reached XP level 9. HP: 67/70 MP: 3/9
  5935 | D:6      | XOM: give mutations
  5935 | D:6      | Gained mutation: You passively map a small area around you.
                  | [Xom's grace]
  5935 | D:6      | Gained mutation: Your skin changes colour to match your
                  | surroundings (Stealth+). [Xom's grace]
  5961 | D:6      | Noticed Eustachio
  5966 | D:6      | XOM: summons friendly quasit
  5983 | D:6      | Killed Eustachio
  6069 | D:6      | Found a glowing golden altar of the Shining One.
  6071 | D:6      | Found an opulent altar of Gozag.
  6072 | D:6      | Found a sacrificial altar of Ru.
  6102 | D:6      | Found a broken altar of Ashenzari.
  6106 | D:6      | XOM: destruction
  6202 | D:6      | XOM: summons 4 hostile demons
  6274 | D:5      | XOM: god gift: glowing grey potion {god gift}
  6584 | D:6      | XOM: give mutations
  6584 | D:6      | Gained mutation: You occasionally lose the ability to drink
                  | potions when taking damage. [Xom's mischief]
  6584 | D:6      | Lost mutation: You passively map a small area around you.
                  | [Xom's mischief]
  6584 | D:6      | Gained mutation: Armour fits poorly on your strangely
                  | shaped body. [Xom's mischief]
  6783 | D:6      | XOM: 2-stop teleportation journey
  7084 | D:6      | XOM: noise
  7087 | D:6      | Noticed Blork the orc
  7090 | D:6      | Noticed Grinder
  7529 | D:6      | Paralysed by Grinder for 5 turns
  7534 | D:6      | Killed Grinder
  7591 | D:6      | XOM: summons 1 hostile shadow creature
  7594 | D:6      | XOM: smoke on damage
  7794 | D:7      | XOM: stat loss: -1 Str (15/16)
  7917 | D:7      | Found a shadowy altar of Dithmenos.
  7925 | D:7      | XOM: 2-stop teleportation journey
  8034 | D:7      | XOM: enchant monster (bad)
  8055 | D:6      | XOM: noise
  8196 | D:7      | XOM: enchant monster (good)
  8198 | D:7      | XOM: blink monster(s)
  8317 | D:6      | XOM: summons 2 hostile demons
  8610 | D:7      | Found a staircase to the Ecumenical Temple.
  8684 | D:7      | XOM: summons 5 hostile demons
  8685 | D:7      | Noticed an orange demon
  8724 | D:8      | XOM: summons 3 hostile demons
  8883 | D:8      | XOM: snakes to sticks
  8955 | D:8      | Noticed a manticore
  8973 | D:8      | XOM: noise
  8976 | D:8      | XOM: swap monsters
  8977 | D:8      | Killed a manticore
  8978 | D:8      | Reached XP level 10. HP: 8/80 MP: 3/10
  9009 | D:8      | XOM: potion effect (berserk rage)
  9237 | D:8      | Found a burning altar of Makhleb.
  9238 | D:8      | Found a radiant altar of Vehumet.
  9257 | D:8      | XOM: 1-stop teleportation journey
  9257 | D:8      | Noticed a cyclops
  9268 | D:8      | Noticed Prince Ribbit
  9296 | D:8      | Noticed a centaur warrior
  9296 | D:8      | Noticed a manticore
  9339 | D:8      | XOM: divination: magic mapping
  9343 | D:8      | HP: 3/76 [gnoll bouda/+0 glaive (13)]
  9416 | D:8      | XOM: divination: magic mapping
  9614 | D:8      | Reached skill level 1 in Stealth
  9724 | D:8      | XOM: potion effect (invisibility)
  9749 | D:8      | XOM: silly message
  9815 | D:8      | Noticed a cyclops
  9832 | D:8      | Killed a cyclops
  9906 | D:8      | XOM: 4-stop teleportation journey
 10020 | D:8      | XOM: enchant monster (bad)
 10024 | D:8      | Lost mutation: Armour fits poorly on your strangely shaped
                  | body. [potion of mutation]
 10024 | D:8      | Lost mutation: Your skin changes colour to match your
                  | surroundings (Stealth+). [potion of mutation]
 10024 | D:8      | Lost mutation: You occasionally lose the ability to drink
                  | potions when taking damage. [potion of mutation]
 10024 | D:8      | Gained mutation: You are somewhat resistant to further
                  | mutation. [potion of mutation]
 10026 | D:8      | HP: 1/80 [centaur warrior (9)]
 10026 | D:8      | Slain by a centaur warrior

Illustrated notes

Levels and vault maps discovered:
D:1:      erik_arrival_cave_to_civilisation [erik_arrival_cave_to_hall],
          layout_basic, basic_ecumenical_altar
D:2:      layout_loops_ring, uniq_natasha
D:3:      layout_loops_ring, kennysheep_flooded_box
D:4:      layout_rooms, st_stairs_3, nicolae_elevator_lobby_plus
D:5:      layout_basic, serial_shops, nicolae_shop_behind_doors,
          biasface_ghost_orc_armoury, serial_demonic, serial_demonic_d,
          serial_demonic_b, serial_demonic_f, serial_demonic_f, uniq_menkaure,
          uniq_pikel
D:6:      layout_basic, old_standard_altar, minitemple, serial_bayou,
          serial_bayou_pond_e, serial_bayou_pond_c, serial_bayou_lake_a,
          serial_bayou_ford_a, uniq_grinder, uniq_eustachio, uniq_blork_the_orc
D:7:      layout_basic, mainiacjoe_overflow_surrounded_room, temple_statues
D:8:      minmay_the_grid_octo_tiled_octocenter [minmay_the_grid_octo_shrine,
          minmay_the_grid_octo_teeth, minmay_the_grid_octo_fan_narrow,
          minmay_the_grid_octo_thin_diamonds,
          minmay_the_grid_octo_prize_square_snowflake,
          minmay_the_grid_square_5x5_misaligned,
          minmay_the_grid_square_5x5_empty, minmay_the_grid_square_5x5_shrine1,
          minmay_the_grid_square_5x5_broken_cross], layout_loops_corners,
          grunt_temple_overflow_lords_of_destruction, lemuel_round_altar,
          uniq_prince_ribbit1

Skill      XL: |  1  2  3  4  5  6  7  8  9 10 |
---------------+-------------------------------+-----
Dodging        | 1 2 3 4 5 6 |  6.8
Armour         | 2 3 4 5 6 7 |  7.0
Fighting       | 4 5 6 7 8 |  8.1
Axes           | 4 5 6 7 8 |  8.1
Stealth        | 2 |  2.0

Action                     |  1- 3 |  4- 6 |  7- 9 | 10-12 || total
---------------------------+-------+-------+-------+-------++-------
  Melee: Hand axe          |    67 |   119 |   411 |   117 ||   714
         Dagger            |    59 |    20 |       |       ||    79
         Short sword       |       |    96 |   387 |   111 ||   594
         Sling             |       |       |     4 |       ||     4
  Throw: Throwing net      |       |       |     1 |     2 ||     3
         Stone             |       |       |     3 |       ||     3
  Evoke: Wand              |       |       |     8 |       ||     8
    Use: Scroll            |       |       |     5 |     2 ||     7
         Potion            |       |       |     3 |     5 ||     8
   Stab: Sleeping          |     1 |       |     2 |       ||     3
         Petrified         |     4 |       |       |       ||     4
         Confused          |       |     2 |       |       ||     2
         Paralysed         |       |       |     2 |       ||     2
         Distracted        |       |       |     1 |       ||     1
         Invisible         |       |       |       |     2 ||     2
         Held in net/web   |       |       |       |     2 ||     2
 Armour: Leather armour    |    16 |       |   171 |   121 ||   308
         Chain mail        |    25 |   118 |   314 |       ||   457
  Dodge: Dodged            |    20 |    52 |   297 |    89 ||   458

Table legend: (Time is in decaauts)
 A = Elapsed time spent in this place.
 B = Non-inter-level travel time spent in this place.
 C = Inter-level travel time spent in this place.
 D = Time resting spent in this place.
 E = Time spent auto-exploring this place.
 F = Levels seen in this place.
 G = Mean time per level.
                   A        B        C        D        E       F      G
               +--------+--------+--------+--------+--------+-----+--------+
         Total |  10099 |   9543 |    556 |   2484 |   5187 |   8 | 1262.4 |
       Dungeon |  10099 |   9543 |    556 |   2484 |   5187 |   8 | 1262.4 |
               +--------+--------+--------+--------+--------+-----+--------+

Top non-repeatable levels by time:
     D:6: 2462 daAuts
     D:5: 1700 daAuts
     D:4: 1390 daAuts
     D:8: 1323 daAuts
     D:1: 982 daAuts
     D:2: 804 daAuts
     D:3: 728 daAuts
     D:7: 706 daAuts
